 Dungeon Crawl Stone Soup version 0.28.0-53-g5a82cb258f (webtiles) character file.

Game seed: 3708011008593849256

3021 MiltankisOP the Transmogrifier (level 9, 0/74 HPs)
             Began as a Red Draconian Transmuter on June 19, 2022.
             Was an Initiate of Ashenzari.
             Slain by a wolf (6 damage)
             ... on level 8 of the Dungeon.
             The game lasted 00:27:03 (9772 turns).

MiltankisOP the Transmogrifier (DrTm)               Turns: 9772, Time: 00:27:03

Health: 0/74       AC:  2    Str: 12    XL:     9   Next: 55%
Magic:  16/18      EV: 22    Int: 17    God:    Ashenzari [......]
Gold:   280        SH:  0    Dex: 18    Spells: 14/20 levels left

rFire   . . .      SeeInvis .     - Unarmed
rCold   . . .      Faith    .   (shield currently unavailable)
rNeg    . . .      Spirit   .   (armour unavailable)
rPois   x          Reflect  .   (helmet currently unavailable)
rElec   .          Harm     .   (cloak currently unavailable)
rCorr   .          Rampage  .   (gloves currently unavailable)
Will    .....                   (boots currently unavailable)
Stlth   ++........              (no amulet)
HPRegen 0.22/turn               (no ring)
MPRegen 0.16/turn               (no ring)

@: mighty, spider-form
A: venomous fangs, (breathe fire), AC +7, tiny, unfitting armour, (fire
resistance 1), (cold-blooded)
a: End Transformation, Renounce Religion, Curse Item


You were on level 8 of the Dungeon.
You worshipped Ashenzari.
Ashenzari was noncommittal.
You were a venomous arachnid creature.
You visited 2 branches of the dungeon, and saw 9 of its levels.
You also visited: Sewer.

You collected 280 gold pieces.

Inventory:

Hand Weapons
 h - a +2 dagger of venom (melded)
Armour
 o - a +1 hat (melded)
Jewellery
 y - an amulet of magic regeneration
Wands
 c - a wand of mindburst (5)
 u - a wand of flame (85)
 w - a wand of digging (2)
 x - a wand of paralysis (6)
Scrolls
 a - 2 scrolls of enchant armour
 e - a scroll of noise
 f - 4 scrolls of fog
 j - a scroll of teleportation
 s - a scroll of holy word
 A - 2 scrolls of torment
Potions
 g - a potion of degeneration {unknown}
 i - 2 potions of lignification
 k - 5 potions of curing
 m - 2 potions of resistance {unknown}
 n - 2 potions of haste {unknown}
 q - a potion of flight {unknown}
 r - a potion of mutation {unknown}
 t - 2 potions of attraction
 z - a potion of brilliance {unknown}


   Skills:
 - Level 5.0 Fighting
 - Level 5.0 Dodging
 - Level 3.0 Unarmed Combat
 - Level 6.0 Spellcasting
 + Level 8.4 Transmutations
 - Level 5.0 Poison Magic


You had 14 spell levels left.
You knew the following spells:

 Your Spells              Type           Power      Damage    Failure   Level
a - Beastly Appendage     Tmut           66%        N/A       3%          1
b - Wereblood             Tmut           33%        N/A       4%          2
c - Spider Form           Tmut/Pois      27%        N/A       10%         3

Your spell library contained the following spells:

 Spells                   Type           Power      Damage    Failure   Level
 Magic Dart               Conj           20%        1d4       30%         1
 Call Imp                 Summ           5%         N/A       38%         2
 Mephitic Cloud           Conj/Pois/Air  10%        N/A       41%         3
 Ice Form                 Ice/Tmut       19%        N/A       43%         4


Dungeon Overview and Level Annotations

Branches:
Dungeon (8/15)             Temple (1/1) D:6           Sewer (visited)
   Lair: D:8-11

Altars:
Ashenzari
Cheibriados
Dithmenos
Elyvilon
Fedhas
Gozag
Hepliaklqana
Kikubaaqudgha
Makhleb
Okawaru
Qazlal
Ru
Sif Muna
Trog
Uskayaw
Vehumet
Wu Jian
Xom
Yredelemnul
Zin
The Shining One

Shops:
D:5 *   D:6 [

Annotations:
D:2 Natasha, Sigmund
D:3 1 runed translucent door, concernfroge's ghost, weakling MiBe


Innate Abilities, Weirdness & Mutations

You are a venomous arachnid creature.
You have poisonous fangs.
You are tiny and dextrous.
Your spellcasting is less reliable in this form.
Your armour is entirely melded.
You are incapable of wielding weapons or throwing items.
((You can breathe blasts of fire.))
((Your fiery red scales are hard. (AC +7)))
You cannot fit into any form of body armour.
((Your flesh is heat resistant. (rF+)))
((You are cold-blooded and may be slowed by cold attacks.))


Message History

The white imp gestures at you. The puff of frost hits you!
* * * LOW HITPOINT WARNING * * *
The centaur closely misses you. x2; The polar bear bites you!
* * * LOW HITPOINT WARNING * * *
The polar bear completely misses you. The polar bear misses you.
As you read the scroll labelled WUUDWIKIAHE, it crumbles to dust.
You speak a Word of immense power!
The killer bee simulacrum convulses!
The killer bee simulacrum vaporises!
The white imp convulses!
You kill the white imp!
The white imp convulses!
You kill the white imp!
It was a scroll of holy word.
You kill the centaur!
The wolf completely misses you. The wolf misses you.
The polar bear barely misses you. The polar bear closely misses you.
The polar bear completely misses you.
As you read the scroll labelled UPSOHA BYHISM, it crumbles to dust.
You hear a loud clanging noise!
It was a scroll of noise.
You hear an angry growl.
You hear a shout! x5
The wolf completely misses you. The polar bear completely misses you.
The polar bear claws you.
* * * LOW HITPOINT WARNING * * *
The polar bear misses you.
As you read the scroll labelled JEGIN DUISHRIU, it crumbles to dust.
It is a scroll of brand weapon.
Your +2 dagger of electrocution drips with poison.
h - a +2 dagger of venom (melded)
The wolf bites you but does no damage. The wolf barely misses you.
The polar bear misses you. The polar bear completely misses you.
The polar bear claws you.
* * * LOW HITPOINT WARNING * * *
As you read the scroll labelled ROILEDGH YSAATA, it crumbles to dust.
It is a scroll of amnesia.
Really abort (and waste the scroll)?
Okay, then.
The wolf bites you.
You die...

§§§§. §§§ .§§ .
≈.≈ ..
#####.####...
###............
.......hh....(.
#....s.......
#....)...##...
##.......#
##........
#...###....
#.... ......
...... ...... .
..#... .....#
.. .....


You could see a polar bear (very poisoned) and a wolf.

Vanquished Creatures
  A hornet (D:8)
  A yak (D:8)
  Menkaure (D:7)
  A water moccasin (D:5)
  2 orc warriors
  A black bear (D:5)
  2 sky beasts (D:6)
  A necrophage (D:6)
  4 ogres
  2 centaurs
  A phantom (D:7)
  A kobold brigand (D:5)
  3 bullfrogs
  A scorpion (D:7)
  6 killer bees
  A howler monkey (D:7)
  A centaur zombie (D:7)
  2 hounds
  A jelly (D:7)
  4 orc priests
  2 centaur skeletons
  Ijyb (D:2)
  An iguana (D:6)
  4 orc wizards
  A killer bee simulacrum (D:8)
  A gnoll (D:1)
  8 adders
  A river rat (D:5)
  3 white imps
  An ufetubus (D:5)
  3 adder skeletons (D:4)
  2 worms
  A dart slug (D:2)
  22 orcs
  6 bats
  5 endoplasms
  13 giant cockroaches
  9 goblins
  6 hobgoblins
  2 jackals (D:2)
  7 quokkas
  9 ball pythons
  9 frilled lizards
  15 kobolds
  5 rats
  2 rat zombies (D:6)
176 creatures vanquished.

Notes
Turn   | Place    | Note
-------+----------+-------------------------------------------
     0 | D:1      | MiltankisOP the Draconian Transmuter began the quest for
                  | the Orb.
     0 | D:1      | Reached XP level 1. HP: 16/16 MP: 3/3
   341 | D:1      | Reached XP level 2. HP: 24/24 MP: 3/5
   459 | D:1      | You fall into a shaft and drop 1 floor!
   504 | D:2      | Reached XP level 3. HP: 23/30 MP: 4/6
   541 | D:2      | Reached skill level 3 in Transmutations
   755 | D:2      | Identified the +1 helmet of Noughts and Crosses {Dex+3}
   797 | D:2      | Noticed Ijyb
   829 | D:2      | Killed Ijyb
   830 | D:2      | Reached XP level 4. HP: 6/38 MP: 7/7
  1570 | D:2      | Noticed Sigmund
  1626 | D:2      | Noticed Natasha
  2552 | D:1      | Reached XP level 5. HP: 46/46 MP: 6/8
  2891 | D:3      | Noticed an ogre
  2894 | D:3      | Killed an ogre
  2895 | D:3      | Reached skill level 4 in Transmutations
  2898 | D:3      | Noticed an ogre
  2900 | D:3      | Killed an ogre
  2901 | D:3      | Reached XP level 6. HP: 55/55 MP: 9/9
  3098 | D:3      | Found a runed translucent door.
  3098 | D:3      | Noticed concernfroge's ghost (weakling MiBe)
  3365 | D:4      | Reached skill level 5 in Fighting
  3483 | D:4      | Reached skill level 5 in Transmutations
  3875 | D:5      | Entered Level 5 of the Dungeon
  4369 | D:5      | Found a glowing drain.
  4437 | Sewer    | Entered a sewer
  4799 | Sewer    | Your scales start taking on a fiery red colour.
  4799 | Sewer    | Reached XP level 7. HP: 57/61 MP: 10/10
  4799 | Sewer    | Gained mutation: Your flesh is heat resistant. (rF+) [Red
                  | Draconian growth]
  5085 | D:5      | Learned a level 2 spell: Wereblood
  5250 | D:5      | Reached skill level 5 in Dodging
  5265 | D:5      | Found Liammi's Serpentskin Sales.
  5638 | D:5      | Reached XP level 8. HP: 68/68 MP: 11/14
  5773 | D:6      | Found Usylixusa's Antique Armour Shoppe.
  5798 | D:6      | Reached skill level 5 in Spellcasting
  6119 | D:6      | Found a staircase to the Ecumenical Temple.
  6145 | Temple   | Entered the Ecumenical Temple
  6328 | Temple   | Became a worshipper of Ashenzari the Shackled
  6436 | Temple   | Reached skill level 1 in Poison Magic
  7473 | D:6      | Learned a level 3 spell: Spider Form
  7790 | D:6      | Reached skill level 5 in Poison Magic
  7915 | D:6      | Reached XP level 9. HP: 36/74 MP: 14/18
  8104 | D:7      | Identified the +5 hand axe of Ephige {venom, Int+3}
  8311 | D:7      | Reached skill level 6 in Transmutations
  8520 | D:7      | Noticed Menkaure
  8530 | D:7      | Killed Menkaure
  8761 | D:8      | Reached skill level 7 in Transmutations
  9153 | D:8      | Reached skill level 8 in Transmutations
  9761 | D:8      | Noticed a polar bear
  9772 | D:8      | Slain by a wolf

Illustrated notes

Levels and vault maps discovered:
D:1:      elethiomel_arrival_quiet, layout_loops_corners
D:2:      kennysheep_the_goblin_king, layout_basic, st_stairs_2, uniq_natasha,
          uniq_sigmund
D:3:      layout_rooms, ebering_ghost_inner_flame
D:4:      layout_rooms
D:5:      layout_basic, portal_sewer_entry_a, guppyfry_shop_venom
D:6:      layout_rooms, minmay_temple_entry_water_ring, enter_ossuary_4,
          serial_shops, nicolae_shop_stone
D:7:      layout_rooms, enter_bailey_2, uniq_menkaure
D:8:      layout_cave_pools, grunt_nemelex_the_gamble, serial_ice, serial_ice_f,
          serial_ice_g, serial_ice_d, serial_ice_m, serial_ice_h, serial_ice_l,
          serial_shops, shop_statue
Temple:   kilobyte_greek_temple

Skill      XL: |  1  2  3  4  5  6  7  8  9 |
---------------+----------------------------+-----
Fighting       | 2 3 4 5 |  5.0
Transmutations | 3 4 5 8 |  8.4
Dodging        | 3 5 |  5.0
Spellcasting   | 4 6 |  6.0
Poison Magic   | 5 |  5.0
Unarmed Combat | |  3.0

Action                   |  1- 3 |  4- 6 |  7- 9 || total
-------------------------+-------+-------+-------++-------
Melee: Unarmed           |    70 |    63 |    12 ||   145
       Kick              |    16 |    40 |    56 ||   112
       Headbutt          |    12 |    28 |    37 ||    77
       Tailslap          |     5 |    25 |    33 ||    63
       Punch             |     1 |     3 |     6 ||    10
       Dagger            |       |   162 |   233 ||   395
 Cast: Beastly Appendage |    14 |    46 |    34 ||    94
       Spider Form       |       |       |     3 ||     3
       Wereblood         |       |       |     1 ||     1
 Abil: Breathe Fire      |       |       |     9 ||     9
Evoke: Wand              |       |     5 |     7 ||    12
  Use: Scroll            |       |       |    12 ||    12
       Potion            |       |       |     2 ||     2
Armor: Skin              |    18 |    68 |    95 ||   181
Dodge: Dodged            |    35 |   115 |   236 ||   386
